AoeStats
← Skrzydlaty, wampiryczny Jezus

Arabia

509551022Analyzed
1v1 RM · 5d ago on Sep 27, 2026· 33m 14s· 2 players
Game mode
Random Map
Map size
Tiny (2 player)
Population
200
Speed
Normal
Resources
Standard
Victory
Conquest
Starting age
Dark Age
Ending age
Imperial Age
RankedLock teamsTeams togetherTeam positionsShared explorationLock speedFull tech treeHidden civsTurbo modeCheats
Victory
Defeat
1177
+14
🇺🇸 Spanish · United States
1123
-14
gamebowser
6:22 Loom
6:30 Loom
9:47 Feudal Age
10:56 Double-Bit Axe
10:52 Horse Collar
17:54 Castle Age
17:12 Gold Mining
17:35 Scale Barding Armor
17:59 Bloodlines
20:35 Wheelbarrow
19:46 Town Watch
21:12 Bow Saw
24:28 Forging
31:31 Chain Barding Armor
31:47 Iron Casting
31:54 Fletching
Skrzydlaty, wampiryczny Jezus
7:30 Loom
11:06 Feudal Age
11:42 Horse Collar
12:22 Double-Bit Axe
18:17 Castle Age
16:41 Scale Mail Armor
18:11 Forging
19:09 Heavy Plow
19:21 Bow Saw
20:27 Chain Mail Armor
24:54 Iron Casting
29:56 Squires
30:44 Arson
Connection lost

Rejoining the realm…

Still unreachable

The connection could not be restored.

Session expired

The server has moved on; the page needs a fresh start.